 Dungeon Crawl Stone Soup version 0.22-a0-614-g34fbaa0 (webtiles) character file.

326 slep the Slasher (level 6, -2/32 HPs)
             Began as a Vine Stalker Gladiator on July 14, 2018.
             Slain by an orc
             ... wielding a +0 trident
              (5 damage)
             ... on level 3 of the Dungeon.
             The game lasted 00:06:30 (1383 turns).

slep the Slasher (Vine Stalker Gladiator)           Turns: 1383, Time: 00:06:30

Health: -2/32      AC:  4    Str: 17    XL:     6   Next: 49%
Magic:  0/7        EV: 13    Int:  8    God:
Gold:   129        SH:  0    Dex: 17    Spells: 5/5 levels left

rFire    . . .     SeeInvis .   a - +0 long sword
rCold    . . .     Gourm    .   (no shield)
rNeg     . . .     Faith    .   b - +0 leather armour
rPois    .         Spirit   +   c - +0 helmet
rElec    .         Reflect  .   (no cloak)
rCorr    .         Harm     .   (no gloves)
MR       +....                  (no boots)
Stlth    ++........             t - amulet of magic regeneration
HPRegen  0.50/turn              u - ring of protection from magic
MPRegen  0.35/turn              (no ring)

@: no status effects
A: fangs 2, regeneration 1, magic shield, antimagic bite, no potion heal 3, rot
immunity
a: no special abilities


You were on level 3 of the Dungeon.
You were not hungry.

You visited 1 branch of the dungeon, and saw 3 of its levels.

You collected 129 gold pieces.

Inventory:

Hand Weapons
 a - a +0 long sword (weapon)
Missiles
 d - 3 throwing nets (quivered)
 k - 9 poisoned needles
 o - 19 sling bullets
 s - 4 tomahawks
Armour
 b - a +0 leather armour (worn)
 c - a +0 helmet (worn)
Jewellery
 t - an amulet of magic regeneration (around neck)
 u - a ring of protection from magic (left hand)
Scrolls
 e - 2 scrolls of identify {unknown}
 g - a scroll of enchant weapon {unknown}
 h - 2 scrolls of teleportation {unknown}
 i - 2 scrolls of magic mapping {unknown}
 j - a scroll of noise {unknown}
 l - a scroll of remove curse {unknown}
Potions
 m - 5 potions of curing {unknown}
 n - a potion of lignification {unknown}
 p - a potion of magic {unknown}
 q - a potion of degeneration {unknown}
Comestibles
 f - 7 rations
 r - 7 chunks of flesh


   Skills:
 + Level 2.6 Fighting
 + Level 4.7 Long Blades
 + Level 2.1 Throwing
 + Level 1.6 Armour
 + Level 3.3 Dodging
 + Level 0.7 Stealth


You had 5 spell levels left.
You didn't know any spells.
Your spell library was empty.

Dungeon Overview and Level Annotations

Branches:
Dungeon (3/15)

Altars:
Gozag
Vehumet


Innate Abilities, Weirdness & Mutations

You have extremely sharp teeth.
Your natural rate of healing is unusually fast.
When hurt, damage is shared between your health and your magic reserves.
Your bite disrupts and absorbs the magic of your enemies.
Potions cannot restore your health.
You are immune to rotting.


Message History

* * * LOW HITPOINT WARNING * * *
The orc hits you with a dagger.
* * * LOW HITPOINT WARNING * * *
You barely miss the orc. You bite the orc, but do no damage.
The orc is heavily wounded.
The orc closely misses you. The orc hits you with a dagger.
* * * LOW HITPOINT WARNING * * *
The orc misses you. The orc barely misses you.
You hit the orc. You bite the orc, but do no damage.
The orc is severely wounded.
The orc barely misses you. The orc hits you but does no damage.
You hit the orc but do no damage. Your bite misses the orc.
The orc is severely wounded.
The orc misses you. The orc barely misses you.
You hit the orc but do no damage.
The orc is severely wounded.
You feel sick.
You are no longer poisoned.
The orc barely misses you. The orc hits you with a trident!
You die...

...##. ##+ ..... ... ....
..# _... ..###.## ....
#..#...#.. ..8 #...._....
.. #..#
#####.###########o###.
................@o.#...
................).......
........................
..).............[........
.........................
....(....................
.......................[.
.<......................
).......................


You could see 2 orcs.

Vanquished Creatures
  An ice beast (D:2)
  An orc priest (D:3)
  2 orc wizards (D:3)
  Robin (D:2)
  An adder (D:3)
  2 oozes
  A worm (D:2)
  2 dart slugs (D:1)
  3 leopard geckos
  17 orcs
  9 bats
  6 giant cockroaches
  12 hobgoblins
  A quokka (D:2)
  5 frilled lizards
  14 goblins
  7 kobolds
  6 rats
91 creatures vanquished.

Notes
Turn   | Place    | Note
-------+----------+-------------------------------------------
     0 | D:1      | slep the Vine Stalker Gladiator began the quest for the Orb.
     0 | D:1      | Reached XP level 1. HP: 11/11 MP: 2/2
    55 | D:1      | Reached XP level 2. HP: 10/15 MP: 3/3
   186 | D:1      | Reached XP level 3. HP: 8/18 MP: 2/4
   294 | D:1      | Reached skill level 3 in Long Blades
   872 | D:2      | Noticed Robin
   878 | D:2      | Gained mutation: Your natural rate of healing is unusually fast. [Vine Stalker growth]
   878 | D:2      | Reached XP level 4. HP: 23/23 MP: 5/5
   881 | D:2      | Killed Robin
   990 | D:2      | Noticed an ice beast
   998 | D:2      | Killed an ice beast
   998 | D:2      | Reached skill level 4 in Long Blades
   998 | D:2      | Reached skill level 1 in Armour
   998 | D:2      | Reached XP level 5. HP: 26/26 MP: 6/6
  1227 | D:2      | Reached XP level 6. HP: 18/32 MP: 5/7
  1266 | D:3      | Found an opulent altar of Gozag.
  1348 | D:3      | Found a radiant altar of Vehumet.
  1383 | D:3      | Slain by an orc

Vault maps used:
D:1:      shiori_arrival_maze, minmay_misc_feat_alley
D:2:      uniq_robin
D:3:      xom_butterflies, vehumet_crystals, grunt_gozag_statues, tgw_trog

Skill      XL: |  1  2  3  4 |
---------------+-------------+-----
Throwing       | 2 |  2.1
Long Blades    | 3 4 |  4.7
Dodging        | 3 |  3.3
Fighting       | 2 |  2.6
Armour         | 1 |  1.6
Stealth        | |  0.7

Action                   |  1- 3 |  4- 6 || total
-------------------------+-------+-------++-------
Melee: Long sword        |    78 |   126 ||   204
       Bite              |    32 |    43 ||    75
 Stab: Sleeping          |     1 |       ||     1
  Eat: Chunk             |       |     2 ||     2
Armor: Leather armour    |    22 |    35 ||    57
Dodge: Dodged            |    52 |   116 ||   168
       Rpst.: Long sword |    18 |    34 ||    52

Table legend:
 A = Spawn XP
 B = Non-spawn XP
 C = Spawn XP percentage of total XP
 D = Spawn monster count
 E = Non-spawn monster count
 F = Spawn count percentage of total count
 G = Total turns spent on level
                    A         B        C        D         E        F      G
               +---------+---------+-------+---------+---------+-------+---------
         Total |       0 |     466 |   0.0 |       0 |      91 |   0.0 |  1383
               +---------+---------+-------+---------+---------+-------+---------
           D:1 |       0 |      48 |   0.0 |       0 |      23 |   0.0 |   704
           D:2 |       0 |     233 |   0.0 |       0 |      43 |   0.0 |   516
           D:3 |       0 |     185 |   0.0 |       0 |      25 |   0.0 |   163
               +---------+---------+-------+---------+---------+-------+---------
